 Dungeon Crawl Stone Soup version 0.27-a0-1196-g3e9cee4cb2 (webtiles) character file.

Game seed: 17153838828320353950

10706 karkarkar the Cleaver (level 11, -3/99 HPs)
             Began as a Minotaur Berserker on May 28, 2021.
             Was a High Priest of Trog.
             Killed by divine providence
             ... invoked by an orc priest
             ... led by an orc knight
              (9 damage)
             ... on level 10 of the Dungeon on May 29, 2021.
             The game lasted 00:30:30 (11004 turns).

karkarkar the Cleaver (Minotaur Berserker)         Turns: 11004, Time: 00:30:30

Health: -3/99      AC: 25    Str: 24    XL:     11   Next: 39%
Magic:  10/10      EV:  8    Int:  4    God:    Trog [*****.]
Gold:   459        SH:  4    Dex: 11    Spells: 10/10 levels left

rFire    + . .     SeeInvis .   q - +0 war axe
rCold    . . .     Faith    .   f - +0 buckler
rNeg     . . .     Spirit   .   g - +0 plate armour
rPois    .         Reflect  .   (helmet restricted)
rElec    .         Harm     .   A - +2 cloak {rCorr}
rCorr    +         Rampage  .   d - +1 pair of gloves
Will     .....                  (no boots)
Stlth    ..........             (no amulet)
HPRegen  0.26/turn              j - ring of protection from fire
MPRegen  0.12/turn              v - +4 ring of protection

@: lethally poisoned (-3 -> -11), on berserk cooldown, slowed, very slow
A: horns 2, retaliatory headbutt
a: Renounce Religion, Berserk, Trog's Hand, Brothers in Arms


You were on level 10 of the Dungeon.
You worshipped Trog.
Trog was extremely pleased with you.
You visited 1 branch of the dungeon, and saw 10 of its levels.

You collected 459 gold pieces.

Inventory:

Hand Weapons
 q - a +0 war axe (weapon)
 z - a +4 mace
Missiles
 l - 2 atropa-tipped darts (quivered)
 o - 3 javelins
 y - a curare-tipped dart
 B - a throwing net
Armour
 d - a +1 pair of gloves (worn)
 f - a +0 buckler (worn)
 g - a +0 plate armour (worn)
 A - a +2 cloak of preservation (worn)
Jewellery
 j - a ring of protection from fire (left hand)
 u - a +6 ring of dexterity
 v - a +4 ring of protection (right hand)
 C - a ring of resist corrosion
 I - an amulet of reflection
Wands
 b - a wand of paralysis (1)
 p - a wand of flame (24)
 w - a wand of acid (7)
 G - a wand of polymorph (9)
Scrolls
 a - a scroll of blinking
 i - a scroll of enchant weapon {unknown}
 m - a scroll of summoning
 n - a scroll of fog
 D - 2 scrolls of teleportation {unknown}
 F - a scroll of noise {unknown}
Potions
 e - 3 potions of brilliance
 h - a potion of magic {unknown}
 k - a potion of berserk rage {unknown}
 r - a potion of flight {unknown}
 s - a potion of might {unknown}
 t - a potion of mutation {unknown}
 x - a potion of degeneration {unknown}
 E - a potion of heal wounds {unknown}
 H - a potion of haste {unknown}


   Skills:
 + Level 10.1 Fighting
 + Level 13.5 Axes
 + Level 0.2 Throwing
 + Level 11.1 Armour
 + Level 4.3 Dodging
 * Level 4.5 Stealth
 + Level 4.3 Shields


You had 10 spell levels left.
You didn't know any spells.
Your spell library was empty.

Dungeon Overview and Level Annotations

Branches:
Dungeon (10/15)            Temple (0/1) D:4
   Lair: D:8-11         Orc: D:9-12

Altars:
Dithmenos
Elyvilon
Fedhas
Gozag
Hepliaklqana
Kikubaaqudgha
Nemelex Xobeh
Qazlal
Ru
Vehumet
Yredelemnul
Zin

Shops:
D:3 =


Innate Abilities, Weirdness & Mutations

You have a pair of horns on your head.
You reflexively headbutt those who attack you in melee.


Message History

The hornet stings you but does no damage. x2
You feel better. The hornet stings you!
* * * LOW HITPOINT WARNING * * *
You feel as though you will be slow longer.
The hornet stings you.
* * * LOW HITPOINT WARNING * * *
You feel as though you will be slow longer.
You hit the hornet. You headbutt the hornet!
The hornet is almost dead.
You feel the effects of Trog's Hand fading.
The hornet stings you.
* * * LOW HITPOINT WARNING * * *
You are poisoned.
You feel as though you will be slow longer.
The hornet stings you but does no damage.
The orc priest looks encouraged for a moment.
Blink to where?
Press: ? - help, Dir - move target
As you read the scroll of blinking, it crumbles to dust.
You feel very sick.
You feel sick.
You feel sick. The hornet barely misses you.
Your skin stops crawling.
You feel less strong-willed.
You feel sick.
The hornet stings you but does no damage.
You feel sick.
You are no longer poisoned.
The hornet barely misses you.
The hornet stings you but does no damage.
The hornet stings you.
* * * LOW HITPOINT WARNING * * *
You are lethally poisoned!
You feel as though you will be slow longer.
The orc priest looks satisfied for a moment.
* * * LOW HITPOINT WARNING * * *
You feel very sick.
The hornet stings you but does no damage.
The orc priest mumbles some strange prayers to Beogh against you.
Beogh smites you!
You die...

##..♣.....# #......#'#######
#....))<..#####.###..........#
#...♣..)..#..................##
............#........>........>'.
.###....♣..##..................##
#......##...................#
#...................#########
#..........#..####..#
#..........##@# #..#
#.......#####y## #..# #.......#
#K.###..## .........#
##K#.....######### .#.......#
#.......'........
###+###########o.....#########
#..............# #..............#
#..............#


You could see a hornet, a kobold brigand, an orc priest and a kobold.

Vanquished Creatures
  A two-headed ogre (D:10)
  Pikel (D:8)
  An orc knight (D:10)
  Maurice (D:8)
  4 centaur zombies (D:10)
  The ghost of Mrcawl the Archer, a novice GnHu of Cheibriados (D:5)
  Psyche (D:8)
  2 kobold demonologists (D:9)
  An unseen horror (D:10)
  4 trolls
  A vampire (D:10)
  4 yaks
  A wraith (D:10)
  A wyvern (D:10)
  2 steam dragons
  The ghost of pcat the Conjurer, an amateur DECj (D:4)
  2 water moccasins
  3 ice beasts (D:6)
  5 orc warriors
  3 black bears
  2 necrophages
  2 ogres (D:6)
  6 centaurs
  2 phantoms
  A bullfrog (D:9)
  6 kobold brigands
  A gnoll sergeant (D:9)
  2 scorpions
  A killer bee (D:9)
  8 wights (D:7)
  2 howler monkeys
  2 jellies
  5 hounds
  A bullfrog zombie (D:5)
  5 orc priests
  A bullfrog skeleton (D:7)
  Natasha (thrice) (D:4)
  8 orc wizards
  5 iguanas
  3 killer bee zombies
  3 gnolls (D:9)
  A howler monkey skeleton (D:4)
  3 adders
  A white imp (D:5)
  A worm (D:2)
  4 dart slugs
  32 orcs
  5 bats
  6 endoplasms
  A giant cockroach (D:3)
  8 hobgoblins
  14 jackals
  21 kobolds
  6 quokkas
  10 ball pythons
  A frilled lizard (D:2)
  5 goblins
  A quokka skeleton (D:2)
  11 rats
240 creatures vanquished.

Vanquished Creatures (collateral kills)
  A wraith (D:10)
  An orc warrior (D:7)
  An orc (D:7)
3 creatures vanquished.

Grand Total: 243 creatures vanquished

Notes
Turn   | Place    | Note
-------+----------+-------------------------------------------
     0 | D:1      | karkarkar the Minotaur Berserker began the quest for the
                  | Orb.
     0 | D:1      | Reached XP level 1. HP: 19/19 MP: 0/0
   211 | D:1      | Reached skill level 4 in Axes
   215 | D:1      | Reached XP level 2. HP: 22/27 MP: 1/1
   488 | D:1      | Reached ** piety under Trog
   709 | D:1      | Reached XP level 3. HP: 29/33 MP: 2/2
  1293 | D:2      | Reached XP level 4. HP: 26/41 MP: 3/3
  1863 | D:3      | Found Siloot's Jewellery Emporium.
  2150 | D:3      | Reached skill level 5 in Axes
  2392 | D:4      | Reached XP level 5. HP: 47/47 MP: 4/4
  2469 | D:4      | Reached *** piety under Trog
  2616 | D:4      | Noticed a black bear
  2624 | D:4      | Killed a black bear
  2625 | D:4      | Reached XP level 6. HP: 33/53 MP: 5/5
  2747 | D:4      | Found a staircase to the Ecumenical Temple.
  2796 | D:4      | Reached skill level 5 in Fighting
  2796 | D:4      | Reached skill level 6 in Axes
  2796 | D:4      | Reached skill level 5 in Armour
  2991 | D:4      | Found a glowing silver altar of Zin.
  3158 | D:4      | Noticed Natasha
  3162 | D:4      | Killed Natasha
  3177 | D:4      | Noticed Natasha
  3180 | D:4      | Killed Natasha
  3249 | D:4      | You fall into a shaft and drop 1 floor!
  3249 | D:5      | Entered Level 5 of the Dungeon
  3262 | D:5      | Reached XP level 7. HP: 51/61 MP: 6/6
  3375 | D:4      | Noticed Natasha
  3379 | D:4      | Killed Natasha
  3418 | D:4      | Reached skill level 1 in Shields
  3427 | D:4      | Found a runed translucent door.
  3427 | D:4      | Noticed pcat's ghost (amateur DECj)
  3439 | D:4      | Killed pcat's ghost
  3440 | D:4      | Reached skill level 7 in Axes
  3799 | D:5      | Reached **** piety under Trog
  4095 | D:5      | Reached XP level 8. HP: 70/70 MP: 7/7
  4259 | D:5      | Found a transporter.
  4270 | D:5      | Noticed Mrcawl's ghost (novice GnHu)
  4290 | D:5      | Reached skill level 8 in Axes
  4670 | D:5      | Found a stormy altar of Qazlal.
  4779 | D:5      | Found a transporter.
  4932 | D:5      | Killed Mrcawl's ghost
  4933 | D:5      | Reached skill level 9 in Axes
  4933 | D:5      | Reached skill level 1 in Stealth
  5252 | D:6      | Reached XP level 9. HP: 72/79 MP: 8/8
  5438 | D:6      | Reached skill level 10 in Axes
  5700 | D:6      | Found a radiant altar of Vehumet.
  6430 | D:7      | Found a hazy altar of Hepliaklqana.
  6454 | D:7      | Found a blossoming altar of Fedhas.
  6456 | D:7      | Found an ancient bone altar of Kikubaaqudgha.
  6556 | D:7      | Reached skill level 11 in Axes
  6738 | D:7      | Found a sacrificial altar of Ru.
  7137 | D:7      | Found a sparkling altar of Nemelex Xobeh.
  7137 | D:7      | Found an opulent altar of Gozag.
  7670 | D:8      | Noticed Pikel
  7690 | D:8      | Killed Pikel
  7691 | D:8      | Reached skill level 12 in Axes
  7691 | D:8      | Reached XP level 10. HP: 84/90 MP: 9/9
  7751 | D:8      | Noticed Psyche
  7773 | D:8      | Killed Psyche
  8002 | D:8      | Noticed Maurice
  8029 | D:8      | Paralysed by Maurice for 5 turns
  8064 | D:8      | Paralysed by something for 4 turns
  8074 | D:8      | Killed Maurice
  8280 | D:8      | Found a white marble altar of Elyvilon.
  8393 | D:8      | Found a basalt altar of Yredelemnul.
  8633 | D:9      | Reached skill level 10 in Armour
  9088 | D:9      | Reached ***** piety under Trog
  9151 | D:9      | Found a shadowy altar of Dithmenos.
  9743 | D:10     | Entered Level 10 of the Dungeon
 10205 | D:10     | Reached skill level 13 in Axes
 10346 | D:10     | Noticed a two-headed ogre
 10360 | D:10     | Killed a two-headed ogre
 10361 | D:10     | Reached XP level 11. HP: 99/99 MP: 10/10
 10619 | D:10     | Reached skill level 10 in Fighting
 10945 | D:10     | Noticed an orc knight
 10971 | D:10     | Killed an orc knight
 10993 | D:10     | Paralysed by a hornet for 2 turns
 11004 | D:10     | Killed from afar by an orc priest

Illustrated notes

Levels and vault maps discovered:
D:1:      dpeg_arrival_rooms_b, layout_rooms, supply_closet_lemuel
D:2:      layout_loops_ring, hangedman_decor_clover_reticule
D:3:      layout_basic, serial_shops, shop, corexii_item_surrounded_by_moat,
          small_statue_intersection
D:4:      layout_basic, amcnicky_altar_gilded,
          minmay_temple_entry_drinking_statues, gammafunk_ghost_grave,
          kennysheep_generic_room_14, uniq_natasha
D:5:      layout_loops_ring, overflow_temple_1_default, gammafunk_ghost_arena
D:6:      layout_gridville, kennysheep_little_box, minmay_misc_feat_rows
D:7:      layout_loops_ring, grunt_temple_overflow_growth_and_decay,
          grunt_temple_overflow_opulence, old_standard_altar,
          nzn_hepliaklqana_mist_gate, minmay_diced_spiral
D:8:      layout_basic, kennysheep_ying_yang, uniq_maurice, uniq_psyche,
          uniq_pikel
D:9:      layout_stronghold, grunt_dithmenos_smoke, st_stairs_13
D:10:     minmay_the_grid_3x3 [minmay_the_grid_embedded,
          minmay_the_grid_gridbox, minmay_the_grid_all_tris,
          minmay_the_grid_rooms, minmay_the_grid_stretched_grid,
          minmay_the_grid_armoury, minmay_the_grid_fan,
          minmay_the_grid_odd_star, minmay_the_grid_prize_diamond_cup],
          layout_basic, nicolae_wu_jian_immortal_techniques, grunt_ministairs_9,
          lightli_corner_chamber, uniq_harold, uniq_gastronok, uniq_sonja

Skill      XL: |  1  2  3  4  5  6  7  8  9 10 11 |
---------------+----------------------------------+-----
Axes           | 4 5 6 7 9 12 13 | 13.5
Fighting       | 4 5 6 7 8 9 10 | 10.1
Armour         | 3 4 5 6 7 9 10 11 | 11.1
Dodging        | 3 4 |  4.3
Shields        | 1 3 4 |  4.3
Stealth        | 1 3 4 |  4.5
Throwing       | |  0.2

Action                   |  1- 3 |  4- 6 |  7- 9 | 10-12 || total
-------------------------+-------+-------+-------+-------++-------
Melee: Hand axe          |    67 |    45 |       |       ||   112
       Headbutt          |     7 |    16 |    59 |    64 ||   146
       War axe           |       |    64 |   259 |   247 ||   570
Throw: Dart              |       |       |       |     3 ||     3
Invok: Berserk           |       |     3 |     7 |     6 ||    16
       Trog's Hand       |       |     1 |     1 |     4 ||     6
       Brothers in Arms  |       |       |     1 |     2 ||     3
  Use: Scroll            |     1 |     1 |     6 |     1 ||     9
       Potion            |       |       |     2 |     3 ||     5
Armor: Animal skin       |     6 |       |       |       ||     6
       Ring mail         |     8 |    57 |     4 |       ||    69
       Plate armour      |       |       |   126 |   256 ||   382
Dodge: Dodged            |    50 |    76 |    91 |   100 ||   317
Block: Buckler           |     1 |    13 |    41 |    70 ||   125

Table legend: (Time is in decaauts)
 A = Elapsed time spent in this place.
 B = Non-inter-level travel time spent in this place.
 C = Inter-level travel time spent in this place.
 D = Time resting spent in this place.
 E = Time spent auto-exploring this place.
 F = Levels seen in this place.
 G = Mean time per level.
                   A        B        C        D        E       F      G
               +--------+--------+--------+--------+--------+-----+--------+
         Total |  11195 |  10788 |    407 |   1551 |   6896 |  10 | 1119.5 |
       Dungeon |  11195 |  10788 |    407 |   1551 |   6896 |  10 | 1119.5 |
               +--------+--------+--------+--------+--------+-----+--------+

Top non-repeatable levels by time:
     D:4: 1411 daAuts
     D:7: 1397 daAuts
     D:5: 1383 daAuts
     D:9: 1322 daAuts
     D:8: 1191 daAuts
     D:6: 1100 daAuts
     D:2: 958 daAuts
    D:10: 956 daAuts
     D:1: 894 daAuts
     D:3: 580 daAuts
